cohdb
Replays
Latest Replays
All Replays
Popular Replays
Top Player Replays
Match Explorer
How It Works
Community
CoH3 Stats
Reddit
Sign in to upload your games and track your stats! →
Sign in with Steam
Match 32669943
Unlisted
Match 32669943
Overview
Messages
Build Orders
End
Construct Barracks
Selects Armored Battlegroup
Selects Assault Engineers
Assault Engineer Squad
Assault Engineer Squad
Assault Engineer Squad
Construct Weapon Support Center
Bazooka Squad
Mechanized Support Center
Bazooka Squad
M3 Armored Personnel Carrier
M3 75 mm Gun Motor Carriage
Construct Tank Depot
M4(105) Sherman Bulldozer
Assault Engineer Squad
Assault Engineer Squad
Selects M31 Recovery Vehicle
Selects Strength in Steel
Selects Seek and Destroy
M31 Recovery Vehicle
matrix4x4
Charlie_
Bodyfire
Champagne
[J.U.M.P] Mr.Y
安哥拉威猛先生敲丧钟
FANTOM
中二少年
0
0
Comments
sign in to comment!
No comments posted yet!